 Dungeon Crawl Stone Soup version 0.23.0 (webtiles) character file.

Game seed: 16601175939695996012

4648 zishaf the Blocker (level 10, -3/87 HPs)
             Began as a Deep Dwarf Earth Elementalist on Feb 12, 2019.
             Was a Priest of Makhleb.
             Slain by a catoblepas (26 damage)
             ... on level 9 of the Dungeon on Feb 13, 2019.
             The game lasted 00:30:02 (8690 turns).

zishaf the Blocker (Deep Dwarf Earth Elementalist)  Turns: 8690, Time: 00:30:02

Health: -3/87      AC: 10    Str: 16    XL:     10   Next: 20%
Magic:  9/10       EV: 14    Int: 15    God:    Makhleb [***...]
Gold:   626        SH: 11    Dex: 13    Spells: 5/13 levels left

rFire    . . .     SeeInvis .   a - +3 hand axe
rCold    . . .     Gourm    .   t - +0 shield
rNeg     . . .     Faith    .   k - +2 ring mail {rPois}
rPois    +         Spirit   .   y - +0 helmet
rElec    .         Reflect  .   (no cloak)
rCorr    +         Harm     .   (no gloves)
MR       +....                  H - +0 pair of boots
Stlth    ++........             C - amulet of rage
HPRegen  0.00/turn              l - ring of resist corrosion
MPRegen  0.12/turn              G - +2 ring of evasion

@: non-regenerating, lightly drained
A: damage resistance, heal wounds, sense surroundings 2, no regeneration
a: Heal Wounds, Minor Destruction, Lesser Servant of Makhleb, Renounce Religion,
Evoke Berserk Rage


You were on level 9 of the Dungeon.
You worshipped Makhleb.
Makhleb was most pleased with you.
You were hungry.

You visited 2 branches of the dungeon, and saw 10 of its levels.
You also visited: Sewer.

You collected 626 gold pieces.

Inventory:

Hand Weapons
 a - a +3 hand axe (weapon)
 b - a +0 hand crossbow
Missiles
 w - 109 stones (quivered)
 A - 52 bolts
Armour
 k - a +2 ring mail of poison resistance (worn)
 t - a +0 shield (worn)
 y - a +0 helmet (worn)
 H - a +0 pair of boots (worn)
Jewellery
 l - a ring of resist corrosion (left hand)
 C - an amulet of rage (around neck)
 F - the amulet "Totweuts" {Inacc +Inv rElec SInv}
   (You found it on level 6 of the Dungeon)

   [amulet of inaccuracy]

   It reduces the accuracy of all your attacks.
   It insulates you from electricity.
   It lets you see invisible.
   It lets you turn invisible.
 G - a +2 ring of evasion (right hand)
Wands
 s - a wand of disintegration (20)
 E - a wand of polymorph (9)
Scrolls
 c - 2 scrolls of noise {unknown}
 e - 4 scrolls of fear {unknown}
 h - a scroll of amnesia {unknown}
 m - 4 scrolls of teleportation
 n - 3 scrolls of enchant weapon
 o - 10 scrolls of remove curse
 r - 3 scrolls of fog
 u - 2 scrolls of immolation
 I - a scroll of random uselessness {unknown}
Potions
 f - 4 potions of heal wounds
 g - 3 potions of flight
 i - a potion of invisibility
 p - 6 potions of curing
 q - a potion of agility
 v - 3 potions of lignification
 x - 2 potions of resistance
 z - 2 potions of haste
 B - 2 potions of might
 D - a potion of cancellation {unknown}
Comestibles
 d - 17 rations
 j - 6 chunks of flesh


   Skills:
 * Level 4.4 Fighting
 + Level 0.6(0.9) Axes
   Level 0.6(0.8) Maces & Flails
 - Level 4.0(3.9) Crossbows
 + Level 6.3(6.2) Armour
 - Level 5.1(5.0) Dodging
 - Level 3.0 Stealth
 * Level 9.2(9.1) Shields
 - Level 2.0(1.9) Spellcasting
 - Level 0.8 Transmutations
 - Level 8.0(7.9) Earth Magic
 + Level 6.4(6.3) Invocations


You had 5 spell levels left.
You knew the following spells:

 Your Spells              Type           Power        Failure   Level  Hunger
a - Sandblast             Erth           ####..       3%          1    ##.....
b - Passwall              Tmut/Erth      ##......     21%         2    ###....
c - Lee's Rapid Deconstr  Erth           ####......   65%         5    ######.

Your spell library contained the following spells:

 Spells                   Type           Power        Failure   Level  Hunger
 Stone Arrow              Conj/Erth      ##....       43%         3    ####...
 Magic Dart               Conj           #...         63%         1    ##.....
 Searing Ray              Conj           #.....       77%         2    ###....
 Petrify                  Tmut/Erth      ##......     80%         4    #####..
 Dazzling Spray           Conj/Hex       #.....       94%         3    ####...
 Force Lance              Conj/Tloc      #.......     100%        4    #####..
 Fulminant Prism          Conj/Hex       #.........   100%        4    #####..
 Iskenderun's Mystic Bla  Conj           #.......     100%        4    #####..


Dungeon Overview and Level Annotations

Branches:
Dungeon (9/15)             Temple (1/1) D:4            Lair (0/6) D:9
    Orc (0/2) D:9

Altars:
Ashenzari
Cheibriados
Dithmenos
Elyvilon
Fedhas
Hepliaklqana
Kikubaaqudgha
Makhleb
Nemelex Xobeh
Okawaru
Ru
Sif Muna
Trog
Uskayaw
Wu Jian
Xom
Yredelemnul
The Shining One


Innate Abilities, Weirdness & Mutations

You are resistant to damage.
You can heal yourself by infusing magical energy.
You passively map the area around you.
You do not regenerate.


Message History

You are engulfed in calcifying dust.
The catoblepas completely misses you. The catoblepas barely misses you.
The catoblepas gores you.
* * * LOW HITPOINT WARNING * * *
The catoblepas gores you.
You turn to flesh and can move again.
a - a +3 hand axe (weapon)
Your ring mail prevents you from hitting the catoblepas.
You block the catoblepas's attack.
The catoblepas breathes a plume of calcifying dust at you.
The blast of calcifying dust hits you but does no damage.
Casting: Sandblast (safe; 3% risk of failure)
Confirm with . or Enter, or press ? or * to list all spells.
Aiming: Sandblast (safe; 3% risk of failure)
Press: ? - help, Shift-Dir - straight line, f - catoblepas
Aim: a catoblepas The blast of sand hits the catoblepas but does no damage.
w - 109 stones You are engulfed in calcifying dust.
The catoblepas gores you!!
You die...

# #.# #.########z###.##...#÷.
# #.####.# ###.###.#...###. #
#......# #Y......#..## #. #
#.###### ###§###...######## #
#.# #...# #..........# ####
#.# #.#.###.##.#..##.. ...#
### #######.#÷....##.#..##..
##.# ,
#.....#Y###.####.#..#### ##.#,
#####.#@# #.# #.#..# #
...#,,>, #.#§# #.# #.#..# ...#
, ,, #.#§# #.# #.#..## ##.# ,
#.#.###.####.....#
#.###+#######.#.#............#
#>........##..>.......>...#..#
#.#######.##.#....#.#####.#
#.###..........#..........# ,
* #...)...)).................
,


You could see a catoblepas.

Vanquished Creatures
  A hornet (D:9)
  A hippogriff (D:7)
  Sigmund (D:2)
  A wyvern (D:8)
  2 ice beasts
  An orc warrior (D:8)
  A hornet zombie (D:9)
  2 black bears
  A necrophage (D:7)
  A phantom (D:8)
  3 sky beasts
  3 ogres
  A centaur (D:9)
  2 crocodiles
  5 bullfrogs
  2 big kobolds
  A wyvern zombie (D:7)
  3 scorpions
  7 wights
  4 killer bees
  2 howler monkeys (D:7)
  A jelly (D:9)
  2 bullfrog zombies
  2 crimson imps
  5 hounds
  2 orc priests
  2 bullfrog skeletons
  A centaur skeleton (D:4)
  Jessica (D:3)
  2 iguanas
  7 orc wizards
  5 worker ants
  Terence (D:3)
  A hound skeleton (D:7)
  3 worker ant zombies
  7 gnolls
  14 adders
  2 shadow imps
  3 oozes (D:2)
  An adder zombie (D:5)
  3 adder skeletons
  2 worms
  A dart slug (D:3)
  7 leopard geckos
  27 orcs
  6 giant cockroaches
  6 goblins
  11 hobgoblins
  6 jackals
  5 quokkas
  2 ball pythons
  7 bats
  7 frilled lizards
  19 kobolds
  A leopard gecko skeleton (D:5)
  A leopard gecko zombie (D:5)
  A quokka skeleton (D:6)
  A quokka zombie (D:7)
  11 rats
231 creatures vanquished.

Vanquished Creatures (others)
  A scorpion (D:9)
1 creature vanquished.

Grand Total: 232 creatures vanquished

Notes
Turn   | Place    | Note
-------+----------+-------------------------------------------
     0 | D:1      | zishaf the Deep Dwarf Earth Elementalist began the quest
                  | for the Orb.
     0 | D:1      | Reached XP level 1. HP: 15/15 MP: 3/3
   197 | D:1      | Reached XP level 2. HP: 24/24 MP: 0/4
   516 | D:1      | Learned a level 2 spell: Passwall
  1211 | D:2      | Reached XP level 3. HP: 28/30 MP: 2/6
  1238 | D:2      | Reached skill level 1 in Fighting
  1362 | D:2      | Found a bloodstained altar of Trog.
  1447 | D:2      | Reached XP level 4. HP: 36/38 MP: 3/7
  1624 | D:2      | Reached skill level 5 in Earth Magic
  1985 | D:2      | Noticed Sigmund
  1989 | D:2      | Killed Sigmund
  1989 | D:2      | Reached XP level 5. HP: 39/46 MP: 3/8
  2321 | D:3      | Reached XP level 6. HP: 47/55 MP: 7/9
  2345 | D:3      | Found a shadowy altar of Dithmenos.
  2502 | D:3      | Found a glowing drain.
  2607 | Sewer    | Entered a sewer
  2730 | Sewer    | Found a glowing silver altar of Zin.
  2848 | D:3      | Reached XP level 7. HP: 59/62 MP: 3/10
  2988 | D:3      | Noticed Jessica
  2991 | D:3      | Noticed Terence
  3015 | D:3      | Killed Terence
  3015 | D:3      | Reached skill level 5 in Dodging
  3021 | D:3      | Killed Jessica
  3050 | D:3      | Learned a level 5 spell: Lee's Rapid Deconstruction
  3675 | D:4      | Found a staircase to the Ecumenical Temple.
  3706 | Temple   | Entered the Ecumenical Temple
  3727 | Temple   | Became a worshipper of Makhleb the Destroyer
  3770 | D:4      | Reached skill level 1 in Shields
  3936 | D:4      | Reached skill level 1 in Armour
  3964 | D:4      | Reached skill level 1 in Crossbows
  3964 | D:4      | Reached skill level 2 in Shields
  4241 | D:4      | Found a snail-covered altar of Cheibriados.
  4365 | D:5      | Entered Level 5 of the Dungeon
  4623 | D:5      | Reached skill level 3 in Shields
  4646 | D:5      | Reached XP level 8. HP: 47/72 MP: 7/10
  4694 | D:5      | Found an ornate altar of the Wu Jian Council.
  4840 | D:5      | Reached skill level 4 in Shields
  5025 | D:5      | Found a hazy altar of Hepliaklqana.
  5052 | D:5      | Reached * piety under Makhleb
  5123 | D:5      | Found a glowing golden altar of the Shining One.
  5505 | D:6      | Got a faintly glowing copper amulet
  5507 | D:6      | Identified the amulet "Totweuts" {Inacc +Inv rElec SInv}
                  | (You found it on level 6 of the Dungeon)
  5770 | D:6      | Reached skill level 5 in Shields
  5770 | D:6      | Reached skill level 1 in Invocations
  6338 | D:7      | Found a basalt altar of Yredelemnul.
  6365 | D:7      | Found a bloodstained altar of Trog.
  6395 | D:7      | Noticed a hippogriff
  6404 | D:7      | Killed a hippogriff
  6583 | D:7      | Gained mutation: You passively map the area around you.
                  | [Deep Dwarf growth]
  6583 | D:7      | Reached XP level 9. HP: 46/78 MP: 9/9
  6599 | D:7      | Reached skill level 6 in Shields
  6616 | D:7      | Reached ** piety under Makhleb
  6707 | D:7      | Found an iron altar of Okawaru.
  7173 | D:8      | Reached skill level 7 in Shields
  7297 | D:8      | Reached skill level 5 in Armour
  7529 | D:8      | Reached skill level 5 in Invocations
  7650 | D:8      | Found a glowing golden altar of the Shining One.
  7653 | D:8      | Found an ancient bone altar of Kikubaaqudgha.
  7656 | D:8      | Found a shattered altar of Ashenzari.
  7659 | D:8      | Found a sacrificial altar of Ru.
  7708 | D:8      | Reached skill level 8 in Shields
  7936 | D:8      | Found a blossoming altar of Fedhas.
  8061 | D:9      | Reached *** piety under Makhleb
  8192 | D:9      | Reached XP level 10. HP: 34/85 MP: 11/11
  8237 | D:9      | Reached skill level 9 in Shields
  8364 | D:9      | Noticed a two-headed ogre
  8364 | D:9      | Noticed a catoblepas
  8431 | D:9      | Found a staircase to the Lair.
  8690 | D:9      | Slain by a catoblepas

Skill      XL: |  1  2  3  4  5  6  7  8  9 10 |
---------------+-------------------------------+-----
Spellcasting   | 2 |  2.0
Stealth        | 3 |  3.0
Fighting       | 1 2 3 4 |  4.4
Dodging        | 3 4 5 |  5.1
Earth Magic    | 6 7 8 |  8.0
Shields        | 3 5 8 9 |  9.2
Armour         | 2 4 6 |  6.3
Crossbows      | 1 4 |  4.0
Invocations    | 2 6 |  6.4
Axes           | |  0.6
Maces & Flails | |  0.6
Transmutations | |  0.8

Action                   |  1- 3 |  4- 6 |  7- 9 | 10-12 || total
-------------------------+-------+-------+-------+-------++-------
Melee: Short sword       |     4 |    45 |    14 |       ||    63
       Flail             |       |       |   256 |    34 ||   290
       Mace              |       |       |    29 |       ||    29
       Hand axe          |       |       |       |    21 ||    21
 Fire: Hand crossbow     |       |       |   151 |    23 ||   174
 Cast: Sandblast         |    45 |    91 |   120 |    28 ||   284
 Abil: Heal Wounds       |       |     1 |     6 |     3 ||    10
       Evoke Berserk Rag |       |       |     1 |       ||     1
  Use: Scroll            |       |    13 |     4 |       ||    17
       Potion            |       |     1 |       |     1 ||     2
 Stab: Sleeping          |     3 |       |     2 |     1 ||     6
       Distracted        |       |       |     1 |       ||     1
  Eat: Chunk             |     2 |     7 |    17 |     2 ||    28
       Ration            |       |       |     1 |       ||     1
Armor: Robe              |     3 |       |    39 |       ||    42
       Ring mail         |     2 |    32 |    86 |    34 ||   154
Dodge: Dodged            |    17 |    47 |   210 |    45 ||   319
Block: Shield            |       |       |   116 |    55 ||   171
